 Dungeon Crawl Stone Soup version 0.20.0-15-g7f486f2 (webtiles) character file.

31 Chiseanne the Grasshopper (level 3, -2/18 HPs)
             Began as a Spriggan Warper on June 25, 2017.
             Killed from afar by Terence (5 damage)
             ... with a wand of flame (?/48)
             ... on level 2 of the Dungeon.
             The game lasted 00:02:08 (1923 turns).

Chiseanne the Grasshopper (Spriggan Warper)         Turns: 1923, Time: 00:02:09

Health: -2/18      AC:  2    Str:  7    XL:     3   Next: 7%
Magic:  8/8        EV: 19    Int: 15    God:
Gold:   45         SH:  0    Dex: 15    Spells: 8/8 levels left

rFire    . . .     SeeInvis +   a - +0 short sword
rCold    . . .     Gourm    .   (shield restricted)
rNeg     . . .     Faith    .   b - +0 robe
rPois    .         Spirit   .   (helmet restricted)
rElec    .         Reflect  .   (no cloak)
rCorr    .         Harm     .   (gloves unavailable)
MR       .....                  (boots unavailable)
Stlth    ++........             (no amulet)
Regen    0.1/turn               (no ring)
MPRegen  0.2/turn               (no ring)

@: very quick
A: unfitting armour, see invisible, herbivore 3, speed 3, slow metabolism 2
a: no special abilities


You were on level 2 of the Dungeon.
You were not hungry.

You visited 1 branch of the dungeon, and saw 2 of its levels.

You collected 45 gold pieces.

Inventory:

Hand Weapons
 a - a +0 short sword (weapon)
Missiles
 e - 5 tomahawks of dispersal (quivered)
 g - 17 bolts
 h - 16 stones
 j - 19 arrows
Armour
 b - a +0 robe (worn)
Scrolls
 d - a scroll of blinking
 k - a scroll of fog {unknown}
 m - a scroll of teleportation {unknown}
 n - a scroll of magic mapping {unknown}
 p - a scroll of identify {unknown}
Potions
 i - 2 potions of brilliance {unknown}
 l - 2 potions of heal wounds {unknown}
Books
 c - a book of Spatial Translocations

   Spells                             Type                      Level
   a - Blink                          Translocation                2
   b - Shroud of Golubria             Charms/Translocation         2
   c - Lesser Beckoning               Translocation                3
   d - Gell's Gravitas                Translocation                3
   e - Teleport Other                 Translocation                3
   f - Passage of Golubria            Translocation                4
Comestibles
 f - 2 bread rations
 o - a royal jelly


   Skills:
 * Level 1.7 Fighting
 - Level 2.1 Short Blades
 - Level 1.0 Throwing
 * Level 4.4 Dodging
 * Level 1.4 Stealth
 * Level 3.4 Spellcasting
   Level 4.4 Translocations


You had 8 spell levels left.
You didn't know any spells.

Dungeon Overview and Level Annotations

Branches:
Dungeon (2/15)

Altars:

Annotations:
D:2 Terence


Innate Abilities, Weirdness & Mutations

You are very small and have problems with some larger weapons.
You are too small for most types of armour.
You have supernaturally acute eyesight. (SInv)
You are a herbivore.
You cover ground extremely quickly.
You need consume almost no food.


Message History

A leopard gecko comes into view.
A bat comes into view.
The bat closely misses you.
You closely miss the bat. The bat hits you.
* * * LOW HITPOINT WARNING * * *
The bat barely misses you. The bat completely misses you.
You hit the bat but do no damage. The bat completely misses you.
The bat misses you.
You hit the bat but do no damage. The bat closely misses you. x2
You barely miss the bat. The bat completely misses you.
The bat closely misses you.
You closely miss the bat. The bat barely misses you. x2
You hit the bat.
The bat is severely wounded.
The bat closely misses you. The bat completely misses you.
You hit the bat.
You kill the bat!
You see here a bat corpse.
Terence zaps a wand.
The puff of flame hits you!
You die...

.......'.......#..............
.......#.##..#.#.###..).......
......<#.#...#.#####.†.......#
.......#.##.%# #..............
...........[.# #.####...######
.......#.#...# #.# #...#
########.###.# #.# ##..#
###.....#+#.#####..######
#..........@..†@.........
...............#######..#####
#####.......... ..#
#.@........ ...# #..........
l.... #.......... .....#
#.......... .....# ...........
.....##### ......


You could see Terence.

Vanquished Creatures
  2 dart slugs (D:1)
  2 giant cockroaches (D:1)
  4 goblins
  4 hobgoblins
  5 kobolds
  4 bats
  3 frilled lizards
  2 rats (D:1)
26 creatures vanquished.

Notes
Turn   | Place    | Note
-------+----------+-------------------------------------------
     0 | D:1      | Chiseanne the Spriggan Warper began the quest for the Orb.
     0 | D:1      | Reached XP level 1. HP: 10/10 MP: 5/5
   540 | D:1      | Reached XP level 2. HP: 15/15 MP: 7/7
  1182 | D:2      | Noticed Terence
  1602 | D:1      | Reached skill level 1 in Stealth
  1784 | D:2      | Reached XP level 3. HP: 5/18 MP: 8/8
  1923 | D:2      | Killed from afar by Terence

Skill      XL: |  1  2 |
---------------+-------+-----
Dodging        | 4 |  4.4
Spellcasting   | 3 |  3.4
Stealth        | 1 |  1.4
Fighting       | |  1.7
Short Blades   | |  2.1
Throwing       | |  1.0
Translocations | |  4.4

Action                   || total
-------------------------++-------
Melee: Short sword       ||   140
Armor: Robe              ||    19
Dodge: Dodged            ||   120
